 Dungeon Crawl Stone Soup version 0.25.1-2-g60ff931df9 (webtiles) character file.

Game seed: 3602507259481991762

397 DearestLeader the Conjurer (level 6, -2/32 HPs)
             Began as a Deep Elf Conjurer on Sept 9, 2020.
             Was an Initiate of Vehumet.
             Slain by an iguana (8 damage)
             ... on level 5 of the Dungeon on Sept 10, 2020.
             The game lasted 00:13:04 (4359 turns).

DearestLeader the Conjurer (Deep Elf Conjurer)      Turns: 4359, Time: 00:13:04

Health: -2/32      AC:  2    Str:  5    XL:     6   Next: 53%
Magic:  17/24      EV: 15    Int: 22    God:    Vehumet [......]
Gold:   111        SH:  0    Dex: 15    Spells: 6/14 levels left

rFire    . . .     SeeInvis .   q - +0 whip
rCold    . . .     Gourm    .   (no shield)
rNeg     . . .     Faith    .   a - +0 robe
rPois    .         Spirit   .   (no helmet)
rElec    .         Reflect  .   (no cloak)
rCorr    .         Harm     .   (no gloves)
MR       .....                  (no boots)
Stlth    ++........             (no amulet)
HPRegen  0.10/turn              i - ring of magical power
MPRegen  0.19/turn              (no ring)

@: flying
A: no striking features
a: Renounce Religion


You were on level 5 of the Dungeon.
You worshipped Vehumet.
Vehumet was noncommittal.
You were not hungry.

You visited 2 branches of the dungeon, and saw 6 of its levels.

You collected 111 gold pieces.

Inventory:

Hand Weapons
 l - a +0 dagger
 q - a +0 whip (weapon)
Missiles
 g - 4 javelins
 r - 18 poisoned darts (quivered)
Armour
 a - a +0 robe (worn)
Jewellery
 i - a ring of magical power (left hand)
Scrolls
 d - a scroll of immolation {unknown}
 f - a scroll of random uselessness {unknown}
 h - a scroll of enchant armour {unknown}
 j - 3 scrolls of fear {unknown}
 k - a scroll of magic mapping {unknown}
 m - 3 scrolls of remove curse {unknown}
 s - a scroll of fog {unknown}
 t - a scroll of amnesia {unknown}
Potions
 e - a potion of mutation
 n - a potion of lignification
 p - a potion of cancellation {unknown}
Comestibles
 c - 7 rations


   Skills:
 + Level 4.7 Dodging
 - Level 2.4 Stealth
 + Level 4.9 Spellcasting
 * Level 7.1 Conjurations


You had 6 spell levels left.
You knew the following spells:

 Your Spells              Type           Power        Failure   Level  Hunger
a - Magic Dart            Conj           ####         1%          1    None
b - Iskenderun's Mystic   Conj/Tloc      ###.....     24%         4    ####...
c - Dazzling Flash        Conj/Hex       ###...       7%          3    ##.....

Your spell library contained the following spells:

 Spells                   Type           Power        Failure   Level  Hunger
 Searing Ray              Conj           #####.       1%          2    None
 Shock                    Conj/Air       ###.         2%          1    None
 Static Discharge         Conj/Air       ###.....     7%          3    ##.....
 Swiftness                Chrm/Air       #.......     16%         2    None
 Fulminant Prism          Conj/Hex       ###.......   24%         4    ####...
 Lightning Bolt           Conj/Air       ###.......   54%         5    #####..
 Airstrike                Air            #.........   71%         4    ####...


Dungeon Overview and Level Annotations

Branches:
Dungeon (5/15)             Temple (1/1) D:4

Altars:
Ashenzari
Dithmenos
Fedhas
Gozag
Hepliaklqana
Kikubaaqudgha
Nemelex Xobeh
Qazlal
Ru
Sif Muna
Trog
Uskayaw
Vehumet
Yredelemnul
Zin

Shops:
D:5 !

Annotations:
D:3 Grinder
D:5 Edmund


Message History

Aiming: Magic Dart (safe; 1% risk of failure)
Press: ? - help, Shift-Dir - straight line, f/p - orc
Aim: an orc, wielding a +0 whip and wearing a cursed +0 ring mail (heavily wounded)
The magic dart hits the worker ant.
You kill the worker ant!
Vehumet accepts your kill.
An adder comes into view.
All of the chunks of flesh in your inventory have rotted away.
Casting: Magic Dart (safe; 1% risk of failure)
Confirm with . or Enter, or press ? or * to list all spells.
Aiming: Magic Dart (safe; 1% risk of failure)
Press: ? - help, Shift-Dir - straight line, f/p - orc
Aim: an orc, wielding a +0 whip and wearing a cursed +0 ring mail (heavily wounded)
The magic dart hits the iguana but does no damage.
The iguana bites you!
* * * LOW HITPOINT WARNING * * *
It was a potion of flight.
You feel very buoyant.
You fly up into the air.
The iguana bites you!
You die...

### # # #.. ## #.
#.# #.#
≈≈≈#.######>###.#
≈≈≈≈.?.<........##
≈∩≈≈...$...5$....#
≈.≈≈.......#.###.#
≈.≈#.....##.####Z###
.. #.#.#@# ###..<..#
. #.#.#l# ##.5...##
#.#.#o####5.........
#....Z..o.Z.....##.#
#.S.....#####.....#
.. #.####..# ###.###
# #..# #.# ...# #.#
#.... ..


You could see an iguana, an orc and a hound zombie.

Vanquished Creatures
  A howler monkey (D:4)
  2 orc wizards (D:4)
  Natasha (twice) (D:2)
  2 worker ants
  A worker ant zombie (D:4)
  4 gnolls (D:4)
  7 adders
  An ooze (D:1)
  A worm (D:2)
  3 dart slugs
  7 leopard geckos
  8 orcs
  2 ball pythons
  A giant cockroach (D:2)
  8 goblins
  2 hobgoblins
  9 jackals
  A quokka (D:2)
  10 bats
  3 frilled lizards
  2 kobolds (D:3)
  A leopard gecko skeleton (D:4)
  5 rats
83 creatures vanquished.

Notes
Turn   | Place    | Note
-------+----------+-------------------------------------------
     0 | D:1      | DearestLeader the Deep Elf Conjurer began the quest for the
                  | Orb.
     0 | D:1      | Reached XP level 1. HP: 10/10 MP: 6/6
    90 | D:1      | Reached XP level 2. HP: 15/15 MP: 2/8
   319 | D:1      | Reached skill level 5 in Conjurations
   713 | D:2      | Reached XP level 3. HP: 19/19 MP: 7/9
  1245 | D:2      | Noticed Natasha
  1250 | D:2      | Killed Natasha
  1250 | D:2      | Reached XP level 4. HP: 24/24 MP: 4/11
  1256 | D:2      | Learned a level 4 spell: Iskenderun's Mystic Blast
  1260 | D:2      | Learned a level 3 spell: Dazzling Flash
  1716 | D:2      | Noticed Natasha
  1720 | D:2      | Killed Natasha
  2043 | D:3      | Reached skill level 6 in Conjurations
  2043 | D:3      | Reached XP level 5. HP: 28/28 MP: 9/12
  2305 | D:3      | Noticed Grinder
  2398 | D:4      | HP: 1/28 [poisoned by a worker ant]
  3140 | D:4      | Reached XP level 6. HP: 25/32 MP: 2/14
  3478 | D:4      | Found a staircase to the Ecumenical Temple.
  3487 | Temple   | Entered the Ecumenical Temple
  3492 | Temple   | Became a worshipper of Vehumet
  3890 | D:5      | Entered Level 5 of the Dungeon
  3894 | D:5      | Noticed Edmund
  4098 | D:5      | Found Qiaclu's Distillery.
  4124 | D:4      | Reached skill level 7 in Conjurations
  4359 | D:5      | Slain by an iguana

Illustrated notes

Levels and vault maps discovered:
D:1:      roderic_crop_circles_arrival_small, layout_rooms
D:2:      layout_basic, minmay_quantized, uniq_natasha
D:3:      layout_rooms, demons_altar, st_stairs_10, moated_statue,
          minmay_crystal_water, uniq_grinder
D:4:      layout_basic, minmay_temple_entry_poolview, first_ration
D:5:      layout_loops_ring, marbit_many_paths, kennysheep_okawaru_gauntlet,
          serial_shops, shop, shop, nicolae_shop_waterfront, uniq_sigmund,
          uniq_edmund
Temple:   minmay_freezing_vapour_temple

Skill      XL: |  1  2  3  4  5  6 |
---------------+-------------------+-----
Dodging        | 3 4 |  4.7
Conjurations   | 5 6 7 |  7.1
Spellcasting   | 4 |  4.9
Stealth        | |  2.4

Action                   |  1- 3 |  4- 6 || total
-------------------------+-------+-------++-------
 Cast: Magic Dart        |    57 |   145 ||   202
       Dazzling Flash    |       |     3 ||     3
  Use: Potion            |       |     2 ||     2
       Scroll            |       |     3 ||     3
  Eat: Chunk             |       |    10 ||    10
Armor: Robe              |     1 |     3 ||     4
Dodge: Dodged            |     2 |    33 ||    35
